 Dungeon Crawl Stone Soup version 0.23.1 (webtiles) character file.

Game seed: 0

497 eccles the Chopper (level 6, -2/56 HPs)
             Began as a Minotaur Berserker on Mar 15, 2019.
             Was a Priest of Trog.
             Killed from afar by an orc wizard (9 damage)
             ... with a puff of frost
             ... on level 5 of the Dungeon.
             The game lasted 00:13:52 (2824 turns).

eccles the Chopper (Minotaur Berserker)             Turns: 2824, Time: 00:13:52

Health: -2/56      AC: 12    Str: 22    XL:     6   Next: 93%
Magic:  5/5        EV:  9    Int:  4    God:    Trog [***...]
Gold:   165        SH:  0    Dex: 11    Spells: 5/5 levels left

rFire    + . .     SeeInvis .   a - +0 hand axe
rCold    . . .     Gourm    .   (no shield)
rNeg     . . .     Faith    .   r - +3 chain mail {rF+}
rPois    .         Spirit   .   (helmet restricted)
rElec    .         Reflect  .   (no cloak)
rCorr    .         Harm     .   (no gloves)
MR       .....                  (no boots)
Stlth    ..........             (no amulet)
HPRegen  0.18/turn              (no ring)
MPRegen  0.09/turn              (no ring)

@: lethally poisoned (-2 -> -37), berserk cooldown, slowed, very slow
A: retaliatory headbutt, horns 2
a: Berserk, Trog's Hand, Renounce Religion


You were on level 5 of the Dungeon.
You worshipped Trog.
Trog was most pleased with you.
You were not hungry.

You visited 1 branch of the dungeon, and saw 6 of its levels.

You collected 165 gold pieces.

Inventory:

Hand Weapons
 a - a +0 hand axe (weapon)
Armour
 b - a +0 animal skin
 j - a +0 leather armour
 k - a +0 ring mail
 r - a +3 chain mail of fire resistance (worn)
Jewellery
 d - an uncursed ring of magical power {unknown}
Wands
 q - a wand of digging (3)
 v - a wand of flame (14)
 x - a wand of iceblast (4)
Scrolls
 e - a scroll of fog {unknown}
 l - 3 scrolls of fear {unknown}
 m - a scroll of identify {unknown}
 n - a scroll of magic mapping {unknown}
 o - 2 scrolls of immolation {unknown}
 p - 2 scrolls of remove curse {unknown}
 s - a scroll of random uselessness {unknown}
 w - a scroll of teleportation {unknown}
Potions
 f - a potion of mutation {unknown}
 g - a potion of magic {unknown}
 h - 2 potions of heal wounds {unknown}
 i - a potion of curing {unknown}
 t - 2 potions of lignification {unknown}
 u - a potion of berserk rage {unknown}
 z - 2 potions of ambrosia {unknown}
Comestibles
 c - 5 rations
 A - a chunk of flesh


   Skills:
 * Level 5.2 Fighting
 * Level 7.6 Axes
 + Level 4.0 Armour
 + Level 2.9 Dodging
 + Level 0.2 Stealth


You had 5 spell levels left.
You didn't know any spells.
Your spell library was empty.

Dungeon Overview and Level Annotations

Branches:
Dungeon (6/15)
 Temple: D:4-7

Altars:
Ashenzari
Dithmenos
Hepliaklqana


Innate Abilities, Weirdness & Mutations

You reflexively headbutt those who attack you in melee.
You have a pair of horns on your head.


Message History

You are exhausted.
You feel yourself slow down.
You feel sick. The orc wizard barely misses you.
You climb downwards.
You feel sick.
There is a stone staircase leading up here.
You hit the orc wizard. Your headbutt misses the orc wizard.
The orc wizard is severely wounded.
You feel sick.
The orc wizard hits you but does no damage.
You are lethally poisoned!
The orc wizard hits you but does no damage.
You are more poisoned.
You hit the orc wizard.
The orc wizard is severely wounded.
* * * LOW HITPOINT WARNING * * *
You feel very sick.
The orc wizard hits you but does no damage.
You are more poisoned.
The orc wizard gestures at you while chanting.
The puff of frost hits you!
You die...

.#
..###.....####...##
..# #.#
##....##..##..#
...# ..
#....##..#.###
....# ###..##.....#
#.... #....##....##
.#.........#
^##.......#.#
##......#.#
#@o......#
#...####.# #...# .#
....# # .....#
....... .....###.
.....## #.


You could see an orc wizard.

Vanquished Creatures
  Grinder (D:3)
  An orc priest (D:4)
  Jessica (D:3)
  Terence (D:2)
  3 worker ants
  3 gnolls (D:3)
  5 adders
  An ooze (D:1)
  2 dart slugs
  3 leopard geckos
  3 orcs
  A ball python (D:3)
  5 giant cockroaches
  7 goblins
  8 hobgoblins
  3 jackals (D:1)
  8 kobolds
  8 bats
  2 frilled lizards (D:1)
  A jackal zombie (D:5)
  5 rats
72 creatures vanquished.

Notes
Turn   | Place    | Note
-------+----------+-------------------------------------------
     0 | D:1      | eccles the Minotaur Berserker began the quest for the Orb.
     0 | D:1      | Reached XP level 1. HP: 19/19 MP: 0/0
    61 | D:1      | Reached XP level 2. HP: 17/27 MP: 1/1
    95 | D:1      | Reached skill level 4 in Axes
   518 | D:1      | Reached XP level 3. HP: 33/33 MP: 2/2
   551 | D:1      | Reached ** piety under Trog
   773 | D:2      | Found a shadowy altar of Dithmenos.
   815 | D:2      | Noticed Terence
   828 | D:2      | Killed Terence
   828 | D:2      | Reached skill level 5 in Axes
   828 | D:2      | Reached XP level 4. HP: 37/40 MP: 3/3
  1059 | D:2      | Found a shattered altar of Ashenzari.
  1649 | D:3      | Found a hazy altar of Hepliaklqana.
  1654 | D:3      | Noticed Jessica
  1667 | D:3      | Killed Jessica
  1750 | D:3      | Noticed Grinder
  1757 | D:3      | Paralysed by Grinder for 7 turns
  1768 | D:3      | Reached skill level 6 in Axes
  1776 | D:3      | HP: 2/60 [Grinder/wand of flame (16) (5)]
  1777 | D:3      | Killed Grinder
  1777 | D:3      | Reached skill level 7 in Axes
  1777 | D:3      | Reached XP level 5. HP: 3/47 MP: 4/4
  1777 | D:3      | Reached XP level 6. HP: 3/53 MP: 5/5
  2450 | D:4      | You fall through a shaft for 2 floors!
  2489 | D:5      | Entered Level 5 of the Dungeon
  2719 | D:5      | Reached *** piety under Trog
  2815 | D:4      | Reached skill level 5 in Fighting
  2824 | D:5      | Killed from afar by an orc wizard

Skill      XL: |  1  2  3  4  5  6 |
---------------+-------------------+-----
Fighting       | 4 5 |  5.2
Axes           | 4 5 7 |  7.6
Armour         | 3 4 |  4.0
Dodging        | |  2.9
Stealth        | |  0.2

Action                   |  1- 3 |  4- 6 || total
-------------------------+-------+-------++-------
Melee: Hand axe          |    80 |   109 ||   189
       Headbutt          |    13 |    16 ||    29
Invok: Berserk           |     1 |     2 ||     3
Evoke: Wand              |       |     2 ||     2
  Eat: Chunk             |       |     7 ||     7
       Ration            |       |     1 ||     1
Armor: Animal skin       |    13 |       ||    13
       Ring mail         |    19 |       ||    19
       Chain mail        |       |    80 ||    80
Dodge: Dodged            |    38 |    52 ||    90
